 Dungeon Crawl Stone Soup version 0.25-a0-571-gb5e01bddfa (webtiles) character file.

Game seed: 16698346720556081395, levelgen mode: deterministic

7 Gargoyl the Skirmisher (level 1, -1/19 HPs)
             Began as a Centaur Abyssal Knight on Feb 29, 2020.
             Was a Follower of Lugonu.
             Slain by a thrashing horror (3 damage)
             ... on level 1 of the Abyss.
             The game lasted 00:01:07 (393 turns).

Gargoyl the Skirmisher (Centaur Abyssal Knight)      Turns: 393, Time: 00:01:07

Health: -1/19      AC:  5    Str: 14    XL:     1   Next: 83%
Magic:  2/2        EV:  8    Int: 11    God:    Lugonu [*.....]
Gold:   0          SH:  0    Dex:  8    Spells: 0/0 levels left

rFire    . . .     SeeInvis .   a - +1 hand axe
rCold    . . .     Gourm    .   (no shield)
rNeg     . . .     Faith    .   e - +0 ring mail
rPois    .         Spirit   .   (no helmet)
rElec    .         Reflect  .   (no cloak)
rCorr    .         Harm     .   (no gloves)
MR       .....                  (no barding)
Stlth    ..........             (no amulet)
HPRegen  0.00/turn              (no ring)
MPRegen  0.08/turn              (no ring)

@: about to teleport, non-regenerating, diseased, very quick
A: large, hooves 3, deformed body, speed 2, tough skin 3
a: Depart the Abyss, Renounce Religion


You were on level 1 of the Abyss.
You worshipped Lugonu.
Lugonu was aware of your devotion.
You were not hungry.

You visited 0 branches of the dungeon, and saw 0 of its levels.
You visited the Abyss 1 time.

Inventory:

Hand Weapons
 a - a +1 hand axe (weapon)
Armour
 b - a +0 leather armour
 e - a +0 ring mail (worn)
Potions
 d - a potion of lignification
Comestibles
 c - a ration


   Skills:
 + Level 3.3 Fighting
 + Level 1.8 Axes
 + Level 1.4 Armour
 + Level 0.6 Dodging
 + Level 2.0 Invocations


You couldn't memorise any spells.
You didn't know any spells.
Your spell library was empty.

Dungeon Overview and Level Annotations

Branches:
Dungeon (0/15)

Altars:


Innate Abilities, Weirdness & Mutations

You have hooves in place of feet.
Armour fits poorly on your strangely shaped body.
You cover ground very quickly.
You have extremely tough skin. (AC +3)


Message History

The thrashing horror roars!
A thrashing horror is nearby!
An ancient zyme comes into view.
You feel yourself growing ill in the presence of the ancient zyme.
As you read the scroll labeled VACEOK PIGAUGH, it crumbles to dust.
You feel strangely unstable.
You feel the power of the Abyss delaying your translocation!
It was a scroll of teleportation.
The thrashing horror tramples you!
You stumble backwards!
You feel ill.
The thrashing horror roars!
The thrashing horror tramples you.
You hold your ground!
The thrashing horror barely misses you.
The thrashing horror tramples you but does no damage.
The thrashing horror tramples you.
* * * LOW HITPOINT WARNING * * *
You hold your ground!
A small abomination comes into view.
The thrashing horror roars!
The thrashing horror barely misses you. The thrashing horror tramples you.
You die...

#.#...###...#
###......#.....
................
#.... ..........
#..#..##..##..##
##.#..##..##..##
## #...x.......x.
..###....X@.......
#...#..##..##..##
#. .#..##..##..# #
#......... ...
#.............
#.#..##..##..##
...#. ##..# ..#
#.###......... ..
.. #........... ..


You could see an ancient zyme, a thrashing horror and a small abomination.

Vanquished Creatures
  A white imp (Abyss:1)
1 creature vanquished.

Vanquished Creatures (others)
  4 starspawn tentacles (Abyss:1)
4 creatures vanquished.

Grand Total: 5 creatures vanquished

Notes
Turn   | Place    | Note
-------+----------+-------------------------------------------
     0 | Abyss:1  | Gargoyl the Centaur Abyssal Knight began the quest for the
                  | Orb.
     0 | Abyss:1  | Reached XP level 1. HP: 19/19 MP: 2/2
   123 | Abyss:1  | Noticed a slime creature
   125 | Abyss:1  | Noticed a slime creature
   125 | Abyss:1  | Noticed an iron imp
   125 | Abyss:1  | Noticed a slime creature
   125 | Abyss:1  | Noticed a slime creature
   125 | Abyss:1  | Noticed a raiju
   125 | Abyss:1  | Noticed a shadow demon
   126 | Abyss:1  | Noticed a slime creature
   130 | Abyss:1  | Noticed a slime creature
   132 | Abyss:1  | Noticed a large abomination
   139 | Abyss:1  | Noticed a tentacled starspawn
   162 | Abyss:1  | Noticed an orange demon
   312 | Abyss:1  | Noticed a large abomination
   339 | Abyss:1  | Noticed a tentacled starspawn
   356 | Abyss:1  | Noticed a spatial vortex
   383 | Abyss:1  | Noticed a thrashing horror
   387 | Abyss:1  | Noticed an ancient zyme
   393 | Abyss:1  | Slain by a thrashing horror

Levels and vault maps discovered:
Abyss:1:  hangedman_shadowy_showcase, hangedman_shadowy_showcase

Action                   || total
-------------------------++-------
Melee: Hand axe          ||     2
       Kick              ||     1
  Use: Scroll            ||     2
       Potion            ||     2
Armor: Leather armour    ||     1
       Ring mail         ||     1
Dodge: Dodged            ||     2

Table legend:
 A = Non-vault XP
 B = Vault XP
 C = Vault XP percentage of total XP
 D = Non-vault monster count
 E = Vault monster count
 F = Vault count percentage of total count
                 A         B        C        D         E       F
            +---------+---------+-------+---------+---------+-------
      Total |      10 |       0 |   0.0 |       1 |       0 |   0.0
            +---------+---------+-------+---------+---------+-------
    Abyss:1 |      10 |       0 |   0.0 |       1 |       0 |   0.0
            +---------+---------+-------+---------+---------+-------
